AoeStats
← nap ydnar

Arabian Desert

511124849Analyzed
1v1 RM · 4h ago on Oct 3, 2026· 17m 32s· 2 players
Game mode
Random Map
Map size
Tiny (2 player)
Population
200
Speed
Normal
Resources
Standard
Victory
Conquest
Starting age
Dark Age
Ending age
Imperial Age
RankedLock teamsTeams togetherTeam positionsShared explorationLock speedFull tech treeHidden civsTurbo modeCheats
Victory
Defeat
🇨🇦 Khitans · Canada
1557
+20
🇪🇸 Cumans · Spain
1489
-13
JotaJotaEmeHache
4:21 Loom
10:08 Feudal Age
10:56 Man-at-Arms
14:52 Scale Mail Armor
14:58 Town Watch
nap ydnar
5:56 Loom
8:59 Feudal Age
9:46 Double-Bit Axe
9:54 Domestication
15:07 Forging
17:31 Wheelbarrow
Connection lost

Rejoining the realm…

Still unreachable

The connection could not be restored.

Session expired

The server has moved on; the page needs a fresh start.